 Dungeon Crawl Stone Soup version 0.31.0-12-g77e489cdc1 (webtiles) character file.

Game seed: 14004005078900304908

133219 ColdPorridge the Warrior (level 17, -2/99 HPs)
             Began as a Vine Stalker Delver on Feb 25, 2024.
             Was a High Priest of Kikubaaqudgha.
             Slain by a freezing wraith (6 damage)
             ... on level 4 of the Swamp on Feb 27, 2024.
             The game lasted 03:15:52 (21207 turns).

ColdPorridge the Warrior (Vine Stalker Delver)     Turns: 21207, Time: 03:15:53

Health: -2/99      AC: 23    Str: 27    XL:     17   Next: 14%
Magic:  0/8        EV: 11    Int: 15    God:    Kikubaaqudgha [*****.]
Gold:   939        SH:  0    Dex: 17    Spells: 8/24 levels left

rFire   + . .        R - +0 demon trident (antimagic)
rCold   + . .        s - +1 kite shield {reflect}
rNeg    . . .        a - +1 scale mail of the Game of Life {Will+ Regen+}
rPois   +            E - +2 helmet {Int+3}
rElec   .            L - +2 cloak {rPois}
rCorr   +            v - +1 pair of gloves "Xounosat" {rPois rC+ rCorr Str+2}
SInv    .            p - +0 pair of boots of the Circus Animal {rF+ Str+5}
Will    +++..        (no amulet)
Stlth   +            j - +4 ring of protection
HPRegen 1.96/turn    i - ring of flight
MPRegen 0.11/turn

%: reflection, guardian spirit
@: confused, ambrosia-drunk, flying, hasted and slowed
A: fangs 3, regeneration 1, magic shield, antimagic bite, no potion heal 2
a: Renounce Religion, Unearth Wretches, Torment


You were on level 4 of the Swamp.
You worshipped Kikubaaqudgha.
Kikubaaqudgha was extremely pleased with you.
You visited 7 branches of the dungeon, and saw 29 of its levels.
You also visited: Trove and Ice Cave.

You collected 2300 gold pieces.
You spent 1361 gold pieces at shops.

Inventory:

Hand Weapons
 e - a +3 demon trident of pain
 R - a +0 antimagic demon trident (weapon)
Missiles
 k - a throwing net
 m - 185 stones (quivered)
 u - 53 poisoned darts
 G - 3 curare-tipped darts
Armour
 a - the +1 scale mail of the Game of Life (worn) {Will+ Regen+}
   (You bought it in a shop on level 11 of the Dungeon)

   Will+:     It increases your willpower.
   Regen+:    It increases your rate of health regeneration.
 p - the +0 pair of boots of the Circus Animal (worn) {rF+ Str+5}
   (You found it in a treasure trove)

   Str+5:     It affects your strength (+5).
   rF+:       It protects you from fire.
 s - a +1 kite shield of reflection (worn)
 v - the +1 pair of gloves "Xounosat" (worn) {rPois rC+ rCorr Str+2}
   (You found it in a treasure trove)

   Str+2:     It affects your strength (+2).
   rC+:       It protects you from cold.
   rPois:     It protects you from poison rCorr: It protects you from acid and
   corrosion.
 E - a +2 helmet of intelligence (worn)
 L - a +2 cloak of poison resistance (worn)
 Q - the +3 Mad Mage's Maulers {Infuse+∞ VampMP -Cast}
   (You acquired it on level 12 of the Dungeon)

   Infuse+∞: It empowers its wearer's blows with all of their magic.
   VampMP:    Blows struck in melee replenish the wearer's magic.
   -Cast:     It prevents spellcasting.
Jewellery
 f - a ring of protection from cold
 i - a ring of flight (right hand)
 j - a +4 ring of protection (left hand)
 o - a +4 ring of protection
 D - a ring of see invisible
 F - a ring of wizardry
 I - a ring of fire
Talismans
 t - a dragon-blood talisman
 U - a granite talisman
Wands
 b - a wand of paralysis (13)
 g - a wand of digging (20)
 r - a wand of mindburst (7)
 M - a wand of polymorph (9)
 S - a wand of flame (16)
Scrolls
 c - 5 scrolls of fog
 h - 4 scrolls of identify
 x - 2 scrolls of amnesia
 B - 2 scrolls of revelation
 K - 2 scrolls of silence
 O - a scroll of fear
 P - 4 scrolls of poison
 Y - 2 scrolls of vulnerability
Potions
 d - 2 potions of attraction
 l - 2 potions of might
 n - 17 potions of curing
 q - 3 potions of brilliance
 N - a potion of resistance
 V - 4 potions of magic
 W - 2 potions of cancellation
 X - 2 potions of enlightenment
Miscellaneous
 T - a phial of floods (inert)


   Skills:
 + Level 15.0 Fighting
 - Level 14.4 Polearms
 - Level 6.8 Armour
 - Level 4.0 Dodging
 - Level 10.3 Stealth
 + Level 11.3 Shields
 - Level 4.4 Spellcasting
 - Level 11.0 Necromancy
 * Level 3.7 Translocations
 - Level 4.5 Evocations


You had 8 spell levels left.
You knew the following spells:

 Your Spells              Type           Power      Damage    Failure   Level
a - Apportation           Tloc           28%        N/A       12%         1
b - Blink                 Tloc           28%        N/A       19%         2
c - Necrotise             Necr           100%       1d9       1%          1
d - Kiss of Death         Conj/Necr      76%        2d11      6%          1
e - Animate Dead          Necr           36%        N/A       6%          4
f - Dispel Undead         Necr           36%        3d15      6%          4
g - Vampiric Draining     Necr           36%        2d8       1%          3

Your spell library contained the following spells:

 Spells                   Type           Power      Damage    Failure   Level
 Curse of Agony           Necr           36%        N/A       17%         5
 Cigotuvi's Dreadful Rot  Necr/Alch/Air  28%        N/A       19%         2
 Lesser Beckoning         Tloc           28%        N/A       19%         2
 Momentum Strike          Conj/Tloc      18%        3d8       36%         2
 Foxfire                  Conj/Fire      12%        2x1d4     50%         1
 Magic Dart               Conj           12%        1d3       50%         1
 Sandblast                Erth           6%         2d5       50%         1
 Shock                    Conj/Air       12%        1d3       50%         1
 Sting                    Conj/Alch      12%        1d3       50%         1
 Summon Small Mammal      Summ           12%        N/A       50%         1
 Anguish                  Hex/Necr       9%         N/A       52%         4
 Martyr's Knell           Necr/Summ      19%        N/A       52%         4
 Volatile Blastmotes      Fire/Tloc      18%        2d11      61%         3
 Call Imp                 Summ           6%         N/A       65%         2
 Call Canine Familiar     Summ           3%         N/A       86%         3
 Confusing Touch          Hex            3%         N/A       86%         3
 Dazzling Flash           Conj/Hex       6%         N/A       86%         3
 Frozen Ramparts          Ice            6%         1d1       86%         3
 Mephitic Cloud           Conj/Alch/Air  3%         N/A       86%         3
 Ozocubu's Armour         Ice            3%         N/A       86%         3
 Passwall                 Erth           3%         N/A       86%         3
 Stone Arrow              Conj/Erth      6%         3d7       86%         3
 Swiftness                Air            3%         N/A       86%         3
 Borgnjor's Vile Clutch   Necr/Erth      9%         N/A       86%         5
 Iskenderun's Mystic Bla  Conj/Tloc      9%         2d4       95%         4
 Airstrike                Air            1%         2d(1-17)  99%         4
 Animate Armour           Summ/Erth      6%         N/A       99%         4
 Brom's Barrelling Bould  Conj/Erth      3%         2d3       99%         4
 Fulminant Prism          Conj/Alch      1%         3d5       99%         4
 Leda's Liquefaction      Alch/Erth      1%         N/A       99%         4
 Petrify                  Alch/Erth      3%         N/A       99%         4
 Summon Blazeheart Golem  Fire/Summ      3%         N/A       99%         4
 Lee's Rapid Deconstruct  Erth           1%         3d4*      100%        5
 Metabolic Englaciation   Hex/Ice        1%         N/A       100%        5
 Silence                  Hex/Air        1%         N/A       100%        5
 Bombard                  Conj/Erth      1%         9d1       100%        6
 Plasma Beam              Fire/Air       1%         2x1d11    100%        6
 Sculpt Simulacrum        Ice/Alch       1%         N/A       100%        6
 Starburst                Conj/Fire      1%         6d3       100%        6
 Lehudib's Crystal Spear  Conj/Erth      1%         10d2      100%        8


Dungeon Overview and Level Annotations

Branches:
Dungeon (15/15)            Temple (0/1) D:6            Lair (5/5) D:8
  Swamp (4/4) Lair:2       Spider (1/4) Lair:3        Slime (0/5) Lair:5
    Orc (2/2) D:10            Elf (1/3) Orc:2        Vaults (0/5) D:13
 Depths (1/4) D:15          IceCv (visited)

Altars:
Dithmenos
Fedhas
Kikubaaqudgha
Makhleb
Nemelex Xobeh
Ru
Trog
Uskayaw
Vehumet
Xom
Zin
Jiyva

Shops:
D:8 [   D:11 [   D:13 ?   Orc:1 (   Orc:2 :[!::

Portals:
Hell: Depths:1

Annotations:
D:4 exclusion: bombardier beetle
D:5 !Menkaure, 1 runed translucent door, exclusion: water moccasin, Crazy Yiuf, Menkaure
D:6 exclusion: water moccasin
D:7 exclusion: 4 wights
D:8 exclusion: 2 downstairs
D:11 exclusion: downstairs
Lair:3 3 runed translucent doors, exclusion: downstairs, turdburglar's ghost, journeyman MfSh
Lair:4 exclusion: death yak
Swamp:3 exclusion: downstairs
Spider:1 Nikola
Elf:1 exclusion: deep elf archer
Depths:1 exclusion: door


Innate Abilities, Weirdness & Mutations

You have razor-sharp teeth.
Your natural rate of healing is unusually fast.
When hurt, damage is shared between your health and your magic reserves.
Your bite disrupts and absorbs the magic of your enemies.
Potions cannot restore your health.


Message History

The swamp worm simulacrum bites you!
* * * LOW HITPOINT WARNING * * *
The swamp worm simulacrum freezes you! You resist.
* * * LOW HITPOINT WARNING * * *
Okay, then.
You are confused.
Your system rejects the healing.
You feel invigorated. The death drake misses you.
Your goliath frog hits the freezing wraith but does no damage.
The swamp worm simulacrum barely misses you.
The death drake barely misses you.
Your goliath frog hits the freezing wraith from afar!
The freezing wraith is splashed with acid.
The eight-headed hydra simulacrum bites you but does no damage.
The eight-headed hydra simulacrum completely misses you.
The eight-headed hydra simulacrum bites you but does no damage.
The eight-headed hydra simulacrum bites you.
* * * LOW HITPOINT WARNING * * *
The eight-headed hydra simulacrum freezes you!
You resist.
* * * LOW HITPOINT WARNING * * *
The eight-headed hydra simulacrum bites you but does no damage. x3
The eight-headed hydra simulacrum barely misses you.
The swamp worm simulacrum barely misses you.
The freezing wraith hits you but does no damage.
The freezing wraith barely misses you.
Your goliath frog barely misses the freezing wraith.
The swamp dragon bites you but does no damage.
The swamp dragon claws you but does no damage.
The swamp dragon tramples you but does no damage.
The eight-headed hydra simulacrum misses you. x2
The eight-headed hydra simulacrum closely misses you.
The eight-headed hydra simulacrum completely misses you.
The eight-headed hydra simulacrum closely misses you. x3
The eight-headed hydra simulacrum bites you but does no damage.
The freezing wraith hits you.
* * * LOW HITPOINT WARNING * * *
The freezing wraith freezes you! You resist.
You die...
Kikubaaqudgha rasps: "You have failed me!
Welcome... death!"

* *♣≈≈.♣~..~~k~..○♣ ♣♣♣♣
*********♣...~♣[.§..~♣ ♣♣~~♣♣
,**~~** *♣..♣♣......♣♣♣♣<~~~♣ ♣♣
***~~~**♣.♣♣♣~÷~~~.♣♣♣~.§~~.♣♣♣♣.
****~~≈♣.♣*♣.~~~~~.♣..~§~[~~~.♣*♣
,***~~..♣♣♣♣.§~~~~.~.~~~~~~~.♣♣♣♣
***~~..♣♣~~~§~~~[~~§.~~~~~~.~..♣♣
* *♣..♣*♣~~~§~~~~D~.~~~~~~~.~~~..
* *≈.≈~*♣~~~§~~~@Z§Z.~~~~~~..~~~.
***.≈,~~♣...~~~~WZ~♣.~.~~..~.~~..
,**≈≈,~≈≈♣♣.~~§~kW.§..♣♣♣♣♣♣.~~.~
,,,,,~≈≈♣♣♣§..F~~♣♣♣.♣♣♣ ♣~~~~~
*,*~,~≈...^...†.Z♣....~♣ ♣~..~~
,**~~,,,..♣♣..[........♣♣♣♣♣♣....
****~~**♣♣~~♣♣..♣♣...§.♣~~♣♣♣...~
*~~** ♣).~§..~♣♣..~~~.~~.~.§~~.
**** ♣.~§~~~.♣.~...~~~~.♣)§~~~


You could see a death drake, a swamp dragon, 2 freezing wraiths, an eight-headed
hydra simulacrum, 2 six-headed hydra simulacra, a swamp worm simulacrum and a
friendly goliath frog (summoned).

Vanquished Creatures
  Mara (Swamp:4)
  Rupert (D:12)
  Kirke (Swamp:1)
  Roxanne (Spider:1)
  An orc warlord (Orc:2)
  A ghost moth (Orc:2)
  3 ghouls (Swamp:2)
  11 very ugly things (Depths:1)
  A stone giant (Depths:1)
  2 eleionomae
  An ettin (Depths:1)
  Snorg (Lair:4)
  A vault guard (D:13)
  Erica (Orc:1)
  An ogre mage (D:15)
  4 hydras
  A catoblepas (Lair:5)
  6 alligators
  2 spriggan air magi
  A centaur warrior (D:13)
  An ice dragon (D:15)
  4 two-headed ogres
  2 boulder beetles
  8 death yaks
  A sun demon (D:9)
  Sonja (D:12)
  A deep elf knight (D:13)
  An orc high priest (Orc:1)
  3 skysharks
  A sixfirhy (D:9)
  2 goliath frogs
  A fire crab (Orc:2)
  2 spriggan druids
  2 bog bodies
  3 swamp dragons
  2 orc knights
  2 lindwurms (Lair:4)
  6 deep elf pyromancers
  An orc sorcerer (Orc:2)
  2 will-o-the-wisps
  25 ugly things
  A manticore (D:13)
  Maurice (Orc:1)
  9 cyclopes
  A moth of wrath (Spider:1)
  12 elephants
  A rust devil (D:9)
  2 kobold blastminers (Orc:2)
  6 black mambas
  A torpor snail (Lair:2)
  9 cane toads
  2 gargoyles
  6 rime drakes
  An unseen horror (D:13)
  An efreet (D:13)
  7 kobold demonologists
  6 komodo dragons
  A freezing wraith (Swamp:4)
  2 guardian mummies (D:15)
  An ice devil (D:9)
  A red devil (D:9)
  4 tyrant leeches
  13 trolls
  Psyche (D:12)
  4 polar bears
  A merfolk (D:10)
  A tarantella (Orc:2)
  5 hornets
  A blink frog (shapeshifter) (D:13)
  21 blink frogs
  A glass eye (Lair:5)
  A snapping turtle (Lair:4)
  4 slime creatures
  A water elemental (Depths:1)
  A jumping spider (Spider:1)
  A culicivora (Lair:3)
  4 spriggans
  2 wraiths
  A shadow (D:11)
  A steam dragon (D:6)
  49 yaks
  5 wyverns
  5 wargs
  3 redbacks (Spider:1)
  4 basilisks
  4 swamp worm simulacra (Swamp:4)
  10 vampire mosquitoes (Swamp:1)
  15 swamp worms
  2 chaos spawn (D:9)
  An acid dragon (D:13)
  12 water moccasins
  A hydra simulacrum (Swamp:4)
  32 orc warriors
  2 laughing skulls (D:14)
  2 ice beasts (D:7)
  4 black bears
  2 sky beasts (D:7)
  7 ogres
  13 centaurs
  3 wolves (Lair:4)
  A slime creature simulacrum (IceCv)
  A brain worm (D:4)
  4 kobold brigands
  A bullfrog (shapeshifter) (D:14)
  A necrophage (Swamp:2)
  9 bullfrogs
  2 glowing shapeshifter simulacra (IceCv)
  3 scorpions
  5 killer bees (D:9)
  An electric eel (Lair:2)
  5 howler monkeys
  4 hounds
  2 quasits (D:9)
  2 bombardier beetles (D:6)
  A gnoll bouda (D:6)
  3 orc priests
  2 jellies
  A sleepcap (D:5)
  4 iguanas
  18 orc wizards
  5 hell rats (Lair:5)
  A shapeshifter simulacrum (IceCv)
  A wolf simulacrum (Lair:2)
  Robin (D:2)
  13 gnolls
  13 adders
  A shadow imp (D:7)
  2 white imps (D:7)
  2 swamp drake simulacra (Swamp:4)
  83 orcs
  5 endoplasms
  2 giant cockroaches (D:1)
  15 goblins
  5 hobgoblins
  7 jackals
  29 kobolds
  4 quokkas
  3 ball pythons
  7 bats
  5 frilled lizards
  3 rats
705 creatures vanquished.

Vanquished Creatures (collateral kills)
  A spark wasp (Swamp:4)
  A boulder beetle (Lair:2)
  A death yak (Lair:5)
  A skyshark (Lair:5)
  An ugly thing (D:14)
  3 elephants (Lair:4)
  2 black mambas (Lair:5)
  2 cane toads
  A gargoyle (D:14)
  2 rime drakes (Lair:5)
  A blink frog (Lair:5)
  2 polar bears
  A glass eye (Depths:1)
  A water elemental (Depths:1)
  4 yaks
  A basilisk (Lair:5)
  A swamp worm (Lair:2)
  2 water moccasins
  A hydra simulacrum (Swamp:4)
  An orc warrior (Orc:2)
  A wolf (Lair:4)
  A centaur (Orc:2)
  A kobold brigand (D:9)
  An orc priest (D:10)
  An iguana (Lair:2)
  A hell rat (Lair:5)
  4 orcs
  3 kobolds (D:9)
43 creatures vanquished.

Vanquished Creatures (others)
  7 very ugly thing zombies (Depths:1)
  An ice dragon (D:15)
  6 ugly thing zombies
  3 death yak zombies
  2 bloated husks (Swamp:3)
  A slime creature zombie (D:13)
  A swamp worm simulacrum (Swamp:4)
  A human (D:4)
  3 elephant zombies (Lair:4)
  An elf zombie (D:14)
  3 rime drake zombies
  A water moccasin zombie (Lair:5)
  A polar bear zombie (Lair:4)
  13 yak zombies
  A wolf zombie (Lair:4)
  A centaur zombie (Orc:2)
  11 kobold zombies
  5 hell rat zombies (Lair:5)
  25 orc zombies
  8 foxfires (Swamp:4)
95 creatures vanquished.

Grand Total: 843 creatures vanquished

Notes
Turn   | Place    | Note
-------+----------+-------------------------------------------
     0 | D:5      | ColdPorridge the Vine Stalker Delver began the quest for
                  | the Orb.
     0 | D:5      | Reached XP level 1. HP: 11/11 MP: 2/2
     8 | D:4      | Noticed an iguana
   215 | D:1      | Reached XP level 2. HP: 16/16 MP: 3/3
   341 | D:1      | Reached skill level 3 in Fighting
   861 | D:2      | Reached XP level 3. HP: 20/20 MP: 4/4
   917 | D:2      | Learned a level 1 spell: Apportation
   987 | D:2      | Reached skill level 1 in Armour
  1103 | D:2      | Reached skill level 1 in Translocations
  1118 | D:2      | Reached XP level 4. HP: 24/24 MP: 5/5
  1545 | D:2      | Noticed Robin
  1582 | D:2      | Killed Robin
  1674 | D:2      | Reached XP level 5. HP: 28/28 MP: 6/6
  2300 | D:4      | Found an ancient bone altar of Kikubaaqudgha.
  2305 | D:4      | Noticed a human
  2306 | D:4      | Killed a human
  2323 | D:4      | Became a worshipper of Kikubaaqudgha
  2347 | D:4      | Found a shimmering altar of Xom.
  2349 | D:4      | Found a shimmering altar of Xom.
  2462 | D:4      | Reached XP level 6. HP: 32/32 MP: 7/7
  2612 | D:4      | Reached skill level 5 in Polearms
  2764 | D:4      | Found a shimmering altar of Xom.
  2765 | D:4      | Found a shimmering altar of Xom.
  2766 | D:4      | Found a shimmering altar of Xom.
  2767 | D:4      | Found a shimmering altar of Xom.
  2767 | D:4      | Found a shimmering altar of Xom.
  2903 | D:4      | Reached skill level 1 in Spellcasting
  3032 | D:5      | Found a glowing silver altar of Zin.
  3097 | D:5      | Noticed a water moccasin
  3139 | D:5      | Reached XP level 7. HP: 36/36 MP: 10/10
  3149 | D:5      | Reached * piety under Kikubaaqudgha
  3149 | D:5      | Received a gift from Kikubaaqudgha
  3167 | D:5      | Noticed Menkaure
  3258 | D:6      | Found a bloodstained altar of Trog.
  3339 | D:6      | Reached skill level 1 in Necromancy
  3375 | D:6      | Found a staircase to the Ecumenical Temple.
  3419 | D:6      | Noticed a steam dragon
  3487 | D:5      | Found a runed translucent door.
  3488 | D:5      | Noticed Crazy Yiuf
  3530 | D:6      | Gained mutation: You have razor-sharp teeth. [Vine Stalker
                  | growth]
  3530 | D:6      | Reached XP level 8. HP: 28/40 MP: 6/12
  3999 | D:7      | Reached skill level 1 in Shields
  4255 | D:7      | Reached XP level 9. HP: 44/44 MP: 13/13
  4320 | D:7      | Reached ** piety under Kikubaaqudgha
  4362 | D:7      | Reached skill level 5 in Necromancy
  4410 | D:7      | Noticed a troll
  4434 | D:7      | Killed a troll
  4555 | D:7      | Learned a level 2 spell: Blink
  4572 | D:7      | Identified the +1 pair of boots of the Turtledove {SInv}
  4896 | D:8      | Found a sacrificial altar of Ru.
  4937 | D:8      | Learned a level 1 spell: Necrotise
  4940 | D:8      | Learned a level 1 spell: Kiss of Death
  5194 | D:8      | Found a staircase to the Lair.
  5218 | D:8      | Found Efreib's Antique Armour Boutique.
  5223 | D:8      | Bought an embroidered cloak for 195 gold pieces
  5401 | D:9      | Noticed a sixfirhy
  5401 | D:9      | Noticed an ice devil
  5402 | D:9      | Noticed a rust devil
  5490 | D:9      | Noticed a red devil
  5519 | Lair:1   | Entered Level 1 of the Lair of Beasts
  5563 | Lair:1   | Noticed a komodo dragon
  5591 | Lair:1   | Noticed a komodo dragon
  5694 | Lair:1   | Reached skill level 1 in Evocations
  5705 | Lair:1   | Reached XP level 10. HP: 49/49 MP: 12/14
  5894 | Lair:1   | Reached skill level 10 in Polearms
  6063 | Lair:1   | Reached *** piety under Kikubaaqudgha
  6063 | Lair:1   | Received a gift from Kikubaaqudgha
  6064 | Lair:1   | Reached skill level 4 in Fighting
  6104 | Lair:1   | Learned a level 4 spell: Animate Dead
  6222 | Lair:2   | Noticed a cane toad
  6236 | Lair:2   | Killed a cane toad
  6256 | Lair:2   | Reached XP level 11. HP: 37/54 MP: 11/15
  6268 | Lair:2   | Reached skill level 5 in Fighting
  6321 | Lair:2   | Found a frozen archway.
  6344 | IceCv    | Entered an ice cave
  6640 | Lair:2   | Noticed a death yak
  6640 | Lair:2   | Noticed a death yak
  7098 | Lair:3   | Reached skill level 6 in Fighting
  7188 | Lair:3   | Found a hole to the Spider Nest.
  7255 | Lair:3   | Found a runed translucent gate.
  7255 | Lair:3   | Found a runed translucent gate.
  7256 | Lair:3   | Found a runed translucent gate.
  7256 | Lair:3   | Noticed turdburglar's ghost (journeyman MfSh)
  7257 | Lair:3   | Noticed a nine-headed hydra
  7370 | Lair:3   | Reached skill level 7 in Fighting
  7762 | Lair:3   | Reached XP level 12. HP: 63/63 MP: 16/16
  7825 | Lair:3   | Learned a level 4 spell: Dispel Undead
  7840 | Lair:4   | Reached **** piety under Kikubaaqudgha
  7851 | Lair:4   | Noticed a boulder beetle
  7864 | Lair:4   | a boulder beetle changed into a snapping turtle
  7946 | Lair:4   | Noticed Snorg
  7955 | Lair:4   | Killed Snorg
  8474 | Lair:4   | Noticed a death yak
  8580 | Lair:4   | Noticed a skyshark
  8597 | Lair:4   | Killed a skyshark
  8653 | Lair:4   | Reached XP level 13. HP: 67/67 MP: 17/17
  8697 | Lair:5   | Entered Level 5 of the Lair of Beasts
  8743 | Lair:5   | Reached skill level 10 in Necromancy
  8757 | Lair:5   | Reached ***** piety under Kikubaaqudgha
  8806 | Lair:5   | Found a gate leading to a gauntlet.
  8994 | Lair:5   | Learned a level 3 spell: Vampiric Draining
  9087 | Lair:5   | Found a viscous altar of Jiyva.
  9087 | Lair:5   | Found a staircase to the Slime Pits.
  9385 | Lair:5   | Reached skill level 8 in Fighting
 10053 | Lair:2   | Reached skill level 9 in Fighting
 10053 | Lair:2   | Reached XP level 14. HP: 71/75 MP: 19/21
 10329 | Lair:2   | Found a staircase to the Swamp.
 11185 | D:9      | Reached skill level 10 in Stealth
 11234 | D:10     | Entered Level 10 of the Dungeon
 11270 | D:10     | Reached ****** piety under Kikubaaqudgha
 11287 | D:10     | Identified a +2 demon trident of pain (a +0 demon trident
                  | bloodied by Kikubaaqudgha)
 11287 | D:10     | Received a gift from Kikubaaqudgha
 11302 | D:10     | Found a staircase to the Orcish Mines.
 11325 | Orc:1    | Entered Level 1 of the Orcish Mines
 11779 | D:10     | Found a hide-covered altar of Uskayaw.
 12011 | D:11     | Found Dourugg's Antique Armour Shoppe.
 12014 | D:11     | Bought a crude scale mail for 234 gold pieces
 12014 | D:11     | Identified the +1 scale mail of the Game of Life {Will+
                  | Regen+} (You bought it in a shop on level 11 of the
                  | Dungeon)
 12014 | D:11     | Bought a smouldering leather armour for 182 gold pieces
 12014 | D:11     | Identified the +0 leather armour of the Undertaker {Int+2
                  | Stlth+} (You bought it in a shop on level 11 of the
                  | Dungeon)
 12279 | D:11     | Reached skill level 10 in Fighting
 12625 | D:11     | Bought a pair of glowing gloves for 195 gold pieces
 12625 | D:11     | Bought a pair of glowing gloves for 195 gold pieces
 12840 | D:12     | Noticed Sonja
 12847 | D:12     | Noticed Rupert
 12968 | D:12     | Identified the +5 dagger of Fedduc {protect, rCorr Int+3
                  | SInv}
 13059 | Orc:1    | You fall into a shaft and drop 1 floor!
 13059 | Orc:2    | Entered Level 2 of the Orcish Mines
 13059 | Orc:2    | Found a burning altar of Makhleb.
 13103 | Orc:2    | Found Gelauj's Book Boutique.
 13149 | Orc:2    | Found a staircase to the Elven Halls.
 13230 | Orc:2    | Noticed Donald
 13330 | Orc:2    | Found Nypej's Book Shoppe.
 13330 | Orc:2    | Found Guinaluu's Distillery.
 13332 | Orc:2    | Found Xadwu's Antique Armour Boutique.
 13340 | Orc:2    | Found Ogeukhec's Book Emporium.
 13483 | Orc:2    | Donald changed into Donald the ghost moth
 13483 | Orc:2    | Noticed Donald
 13491 | Orc:2    | Killed Donald the ghost moth
 13492 | Orc:2    | Reached skill level 5 in Armour
 13662 | Orc:2    | Noticed Nessos
 13665 | Orc:2    | Nessos changed into Nessos the rime drake
 13665 | Orc:2    | Noticed Nessos
 13679 | Orc:2    | Killed Nessos the rime drake
 13688 | Orc:2    | Noticed an orc warlord
 13699 | Orc:2    | Killed an orc warlord
 13699 | Orc:2    | Your ally Nessos died
 14093 | Orc:2    | Bought 2 potions of curing for 66 gold pieces
 14422 | Orc:1    | Found Fotzes's Firing Range.
 14490 | Orc:1    | Noticed Maurice
 14490 | Orc:1    | Noticed Erica
 14499 | Orc:1    | Killed Maurice
 14507 | Orc:1    | Killed Erica
 14862 | D:13     | Reached skill level 11 in Fighting
 14888 | D:13     | Reached XP level 15. HP: 67/82 MP: 20/22
 14981 | D:13     | Found Katomocs's Magic Scroll Shoppe.
 15403 | D:14     | Reached skill level 5 in Shields
 15725 | D:14     | Identified the +0 scale mail "Gokiuny" {rN++ Slay+2}
 15927 | D:15     | Entered Level 15 of the Dungeon
 16070 | D:15     | Reached skill level 12 in Fighting
 16512 | D:15     | Found a portal to a secret trove of treasure.
 16554 | Trove    | Entered a treasure trove
 16556 | Trove    | Found the +3 pair of seven-league boots {Rampage+∞}
 16560 | Trove    | Identified the +0 buckler of Kuaziwish {-Cast rPois Str+5}
 16568 | Trove    | Identified the +2 helmet of Articulation {Stlth+}
 16570 | Trove    | Identified the +0 cloak of the Lost Path {rF++ rC- SInv}
 16572 | Trove    | Identified the +0 pair of gloves "Joyjo Jumpe" {Harm Dex-2
                  | SInv}
 16574 | Trove    | Identified the +0 pair of boots of the Circus Animal {rF+
                  | Str+5}
 16580 | Trove    | Identified the +1 pair of gloves "Xounosat" {rPois rC+
                  | rCorr Str+2}
 16582 | Trove    | Identified the +2 ring mail of Words of Power {rPois}
 16591 | Trove    | Found the +3 hat of Pondering {ponderous, Will+ MP+10
                  | Int+5}
 16596 | Trove    | Identified the +0 helmet "Kidet" {Stlth+}
 16839 | D:12     | Killed Sonja
 16968 | D:12     | Noticed Psyche
 16973 | D:12     | Killed Psyche
 17201 | D:12     | Identified a scroll of acquirement
 17202 | D:12     | Acquired the +3 Mad Mage's Maulers {Infuse+∞ VampMP -Cast}
 17202 | D:12     | Found the +3 Mad Mage's Maulers {Infuse+∞ VampMP -Cast}
 17237 | D:12     | Killed Rupert
 17415 | Spider:1 | Entered Level 1 of the Spider Nest
 17415 | Spider:1 | Noticed Roxanne
 17459 | Spider:1 | Killed Roxanne
 17475 | Spider:1 | Noticed Nikola
 17624 | Swamp:1  | Entered Level 1 of the Swamp
 17717 | Swamp:1  | Noticed Kirke
 17740 | Swamp:1  | Killed Kirke
 17800 | Swamp:1  | Identified the +1 ring mail of Dicu {rC- Str+4}
 17870 | Swamp:1  | Acquired a +0 antimagic demon trident
 18428 | Elf:1    | Entered Level 1 of the Elven Halls
 18445 | Elf:1    | Reached skill level 13 in Fighting
 18888 | D:15     | Reached XP level 16. HP: 73/91 MP: 20/23
 18895 | D:15     | Found a staircase to the Depths.
 18925 | Depths:1 | Entered Level 1 of the Depths
 19183 | Depths:1 | Found a gateway to Hell.
 19183 | Depths:1 | Noticed a hellephant
 19183 | Depths:1 | Noticed a hellephant
 19206 | Depths:1 | Noticed a juggernaut
 19521 | D:13     | Bought a scroll of silence for 133 gold pieces
 19521 | D:13     | Bought a scroll of fear for 56 gold pieces
 19521 | D:13     | Bought a scroll of revelation for 105 gold pieces
 19550 | D:13     | Found a gate to the Vaults.
 19745 | D:9      | Reached skill level 14 in Fighting
 19782 | D:9      | Reached skill level 10 in Shields
 19831 | D:9      | Found a shadowy altar of Dithmenos.
 19835 | D:9      | Found a radiant altar of Vehumet.
 19950 | D:9      | Found a blossoming altar of Fedhas.
 19996 | D:9      | Found a sparkling altar of Nemelex Xobeh.
 20654 | Swamp:4  | Entered Level 4 of the Swamp
 20904 | Swamp:4  | Noticed Mara
 20909 | Swamp:4  | Noticed ColdPorridge's illusion
 21005 | Swamp:3  | Reached XP level 17. HP: 87/98 MP: 19/24
 21139 | Swamp:4  | Noticed ColdPorridge's illusion
 21171 | Swamp:4  | Killed Mara
 21201 | Swamp:4  | Reached skill level 15 in Fighting
 21207 | Swamp:4  | HP: 4/99 [freezing wraith (3)]
 21207 | Swamp:4  | Slain by a freezing wraith

Illustrated notes

Levels and vault maps discovered:
D:1:      minmay_arrival_open_corners, layout_basic
D:2:      minmay_door_path, layout_basic, amcnicky_mini_corridor_feature,
          minmay_pentomino_x4, uniq_robin
D:3:      layout_rooms, minmay_misc_feat_five
D:4:      layout_cave_pools, tgw_kikubaaqudgha, xom_redecorated
D:5:      nicolae_cairo_tiling_large_dashed, layout_cave_pools, zin_academy,
          uniq_menkaure, uniq_crazy_yiuf_cottage
D:6:      layout_basic, old_standard_altar, minmay_temple_entry_steel_oval,
          chequers_serial_rivers_micro_e
D:7:      black_bear_nest_2, layout_gridville, minivault_23
D:8:      layout_loops_corners, lemuel_coloured_pillars_altar, lair_entry_dummy,
          serial_shops, nicolae_shop_crystal, minmay_chambers_of_fives
D:9:      layout_gridville, grunt_temple_overflow_open,
          nemelex_diamond_rough_becter, nicolae_overflow_crystal_walls,
          serial_demonic, serial_demonic_c, serial_demonic_f, serial_demonic_c,
          serial_demonic_g, serial_demonic_e, serial_demonic_c
D:10:     layout_long_grid, mainiacjoe_overflow_boulevard, hiddenorc1_lemuel,
          minivault_22
D:11:     layout_basic, serial_shops, nicolae_stop_n_shop_2
D:12:     layout_loops_ring, uniq_rupert, uniq_sonja, uniq_psyche
D:13:     layout_cave_pools, david_vaults_5, serial_shops, shop,
          minmay_increasing_density
D:14:     layout_basic, hangedman_decor_push
D:15:     grunt_enter_depths_hoard, layout_rooms, small_statue_alley_a,
          nicolae_trove_entry_path_of_doom, chequers_garden
Lair:1:   layout_regular_city
Lair:2:   layout_cave_pods, palyth_hydra_swamp_entry,
          portal_ice_cave_entry_ice_simulacra, pdpol_lair_cavern_descent
Lair:3:   layout_roguey, hellmonk_spider_entry_life_and_decay,
          gammafunk_ghost_hydra_chop
Lair:4:   layout_hall_layers, grunt_megastairs_2, uniq_snorg
Lair:5:   evilmike_catoblepas_cave, layout_cave_pods, dpeg_slime_entry_enclosed,
          gauntlet_entry_generic, lemuel_fruit_tree
Swamp:1:  layout_basic_swamp, evilmike_swamp_ruin_house_3, swamp_pool_4,
          uniq_kirke
Swamp:2:  layout_basic_swamp, hangedman_swamp_lotus, nicolae_swamp_tree_isthmus
Swamp:3:  layout_falls_marsh, nicolae_swamp_some_circles, swamp_pool_1_2
Swamp:4:  swamp_icy, layout_basic_swamp, uniq_mara
Spider:1: layout_spider_delve, uniq_roxanne, uniq_nikola
Orc:1:    layout_diamond_mine, nicolae_shop_firing_range, uniq_erica,
          uniq_maurice
Orc:2:    st_orc_rangers, layout_diamond_mine, serial_shops,
          nicolae_shop_tiny_waterfront, bloody_makhleb, uniq_donald, uniq_nessos
Elf:1:    nicolae_elf_arrival_fired_up, layout_geoelf_grid,
          nicolae_elf_shapeshifter_party, chequers_big_river, grunt_megastairs_1
Depths:1: layout_cave_pools, nicolae_gozag_zags_fifth_avenue, grunt_hell_horde,
          kennysheep_opposing_triangles

Skill      XL: |  1  2  3  4  5  6  7  8  9 10 11 12 13 14 15 16 17 |
---------------+----------------------------------------------------+-----
Polearms       | 2 3 4 5 6 7 9 10 12 13 14 | 14.4
Fighting       | 3 4 7 9 11 13 14 15 | 15.0
Armour         | 1 6 |  6.8
Translocations | 1 2 3 |  3.7
Spellcasting   | 1 2 4 |  4.4
Necromancy     | 2 4 5 6 9 11 | 11.0
Dodging        | 2 3 4 |  4.0
Shields        | 1 4 8 11 | 11.3
Evocations     | 1 4 |  4.5
Stealth        | 8 10 | 10.3

Action                     |  1- 3 |  4- 6 |  7- 9 | 10-12 | 13-15 | 16-18 || total
---------------------------+-------+-------+-------+-------+-------+-------++-------
  Melee: Spear             |   104 |   199 |   147 |   110 |       |       ||   560
         Bite              |    21 |    57 |    95 |   256 |   467 |   157 ||  1053
         Punch             |       |     5 |     3 |       |       |       ||     8
         Flail             |       |    17 |   158 |     4 |       |       ||   179
         Trident           |       |       |       |   501 |   469 |       ||   970
         Demon trident     |       |       |       |       |   804 |   494 ||  1298
  Throw: Stone             |     5 |     1 |       |       |     2 |       ||     8
   Cast: Apportation       |     2 |     1 |     5 |     1 |     5 |     1 ||    15
         Necrotise         |       |       |     1 |    15 |       |       ||    16
         Animate Dead      |       |       |       |     5 |    12 |     4 ||    21
         Vampiric Draining |       |       |       |       |     8 |       ||     8
         Blink             |       |       |       |       |     1 |     1 ||     2
         Dispel Undead     |       |       |       |       |     8 |     2 ||    10
 Invoke: Brand Weapon With |       |       |       |       |     1 |       ||     1
  Evoke: Wand              |       |     4 |     7 |    16 |    49 |    14 ||    90
         Phial of floods   |       |       |       |     1 |     2 |     1 ||     4
    Use: Scroll            |     2 |     8 |     3 |     4 |    21 |     7 ||    45
         Potion            |       |     1 |     1 |       |     3 |     3 ||     8
   Stab: Sleeping          |     9 |    11 |     7 |     8 |    22 |     9 ||    66
         Distracted        |       |       |     1 |     4 |    12 |     2 ||    19
         Paralysed         |       |       |       |    14 |    10 |       ||    24
 Armour: Ring mail         |    48 |   120 |    89 |       |       |       ||   257
         Leather armour    |     4 |       |       |       |       |       ||     4
         Steam dragon scal |       |       |   129 |   387 |   319 |       ||   835
         Scale mail        |       |       |       |       |   438 |   232 ||   670
  Dodge: Dodged            |    40 |    93 |   197 |   293 |   483 |   106 ||  1212
  Block: Buckler           |       |       |    39 |   121 |   231 |       ||   391
         Reflection        |       |       |     2 |       |    36 |     3 ||    41
         Kite shield       |       |       |       |       |    23 |   147 ||   170
